 Dungeon Crawl Stone Soup version 0.26.0-10-g1f06aea511 (webtiles) character file.

Game seed: 12680443549138373353

23014 Arum the Fighter (level 13, -1/111 HPs)
             Began as a Formicid Fighter on Jan 17, 2021.
             Was an Initiate of Gozag.
             Slain by a bone dragon (15 damage)
             ... on level 12 of the Dungeon.
             The game lasted 00:22:25 (14266 turns).

Arum the Fighter (Formicid Fighter)                Turns: 14266, Time: 00:22:26

Health: -1/111     AC:  9    Str: 24    XL:     13   Next: 32%
Magic:  13/13      EV: 10    Int: 10    God:    Gozag
Gold:   584        SH: 12    Dex: 10    Spells: 12/12 levels left

rFire    + . .     SeeInvis +   v - +5 quarterstaff (chaos)
rCold    + . .     Faith    .   c - +1 kite shield
rNeg     . . .     Spirit   .   b - +0 scale mail
rPois    +         Reflect  .   (helmet unavailable)
rElec    +         Harm     .   B - scarf {repulsion}
rCorr    +         Rampage  .   (no gloves)
Will     +....                  (no boots)
Stlth    ..........             (no amulet)
HPRegen  0.28/turn              N - ring of resist corrosion
MPRegen  0.13/turn              (no ring)

@: mighty, resistant, gold aura, repel missiles
A: permanent stasis, dig shafts and tunnels, four strong arms, antennae 3
a: Dig, Shaft Self, Renounce Religion, Potion Petition, Call Merchant, Bribe
Branch


You were on level 12 of the Dungeon.
You worshipped Gozag.
Gozag was pleased with you.
You visited 1 branch of the dungeon, and saw 12 of its levels.
You visited 1 bazaar.

You collected 2515 gold pieces.
You spent 697 gold pieces at shops.
You paid 1234 gold pieces to Gozag.

Inventory:

Hand Weapons
 a - a +0 quarterstaff
 s - a +0 quarterstaff of freezing
 v - a +5 quarterstaff of chaos (weapon)
Missiles
 m - 4 throwing nets
 C - 7 javelins
Armour
 b - a +0 scale mail (worn)
 c - a +1 kite shield (worn)
 w - a +0 cloak
 B - a scarf of repulsion (worn)
 H - a scarf of invisibility
Jewellery
 r - an uncursed ring of ice
 N - a ring of resist corrosion (left hand)
Wands
 t - a wand of random effects (7)
 y - a wand of flame (29)
 D - a wand of iceblast (2)
 G - a wand of digging (10)
Scrolls
 e - 2 scrolls of identify
 j - 6 scrolls of remove curse
 k - 3 scrolls of fog
 o - 4 scrolls of fear
 E - 2 scrolls of amnesia
 K - a scroll of holy word
 L - a scroll of brand weapon
 O - a scroll of enchant weapon
 P - a scroll of enchant armour
Potions
 d - 3 potions of might
 f - 2 potions of flight
 i - a potion of experience {unknown}
 l - 3 potions of lignification
 n - a potion of degeneration {unknown}
 q - 7 potions of curing
 u - 3 potions of ambrosia
 x - a potion of berserk rage
 z - 2 potions of cancellation
 A - 2 potions of mutation
 F - 3 potions of brilliance
 I - 2 potions of resistance
 J - 3 potions of invisibility
 M - a potion of attraction {unknown}


   Skills:
 + Level 13.5 Fighting
 + Level 12.4 Staves
 + Level 11.8 Armour
 - Level 9.0 Shields


You had 12 spell levels left.
You didn't know any spells.
Your spell library contained the following spells:

 Spells                   Type           Power        Failure   Level
 Magic Dart               Conj           0%           58%         1
 Shock                    Conj/Air       0%           58%         1
 Call Imp                 Summ           0%           75%         2
 Searing Ray              Conj           0%           75%         2
 Slow                     Hex            0%           75%         2
 Confusing Touch          Hex            0%           92%         3
 Conjure Flame            Conj/Fire      0%           92%         3
 Dazzling Flash           Conj/Hex       0%           92%         3
 Gell's Gravitas          Tloc           0%           92%         3
 Mephitic Cloud           Conj/Pois/Air  0%           92%         3
 Static Discharge         Conj/Air       0%           92%         3
 Airstrike                Air            0%           100%        4
 Fulminant Prism          Conj/Hex       0%           100%        4
 Iskenderun's Mystic Bla  Conj/Tloc      0%           100%        4
 Petrify                  Tmut/Erth      0%           100%        4
 Lightning Bolt           Conj/Air       0%           100%        5
 Metabolic Englaciation   Hex/Ice        0%           100%        5
 Yara's Violent Unravell  Hex/Tmut       0%           100%        5
 Blink                    Tloc           Unusable     N/A         2
 Swiftness                Air            Unusable     N/A         2

Dungeon Overview and Level Annotations

Branches:
Dungeon (12/15)            Temple (0/1) D:7            Lair (0/6) D:8
    Orc (0/2) D:10

Altars:
Ashenzari
Dithmenos
Elyvilon
Gozag
Kikubaaqudgha
Trog
Uskayaw
Vehumet
Wu Jian
Xom
Yredelemnul
The Shining One
Beogh

Shops:
D:5 *   D:9 ?


Innate Abilities, Weirdness & Mutations

You cannot be hasted, slowed, berserked, paralysed or teleported.
You can dig through walls and to a lower floor.
Your four strong arms can wield two-handed weapons with a shield.
You have a pair of large antennae on your head. (SInv)


Message History

You sock the bone dragon! You freeze the bone dragon.
The bone dragon is heavily damaged.
The bone dragon closely misses you. The bone dragon completely misses you.
The bone dragon tramples you!
You stumble backwards!
Unknown command.
You hit the bone dragon.
The bone dragon convulses.
The bone dragon is heavily damaged.
The centaur warrior skeleton becomes distracted by the nearby gold, dreaming of imaginary riches.
Unknown command.
You hit the bone dragon but do no damage.
The bone dragon is heavily damaged.
The bone dragon seems less confused.
The wolf spider zombie hits you!
* * * LOW HITPOINT WARNING * * *
You block the wolf spider zombie's attack.
The bone dragon closely misses you. The bone dragon claws you!
* * * LOW HITPOINT WARNING * * *
You block the bone dragon's attack. The bone dragon bites you!
You die...
Your body crumbles into a pile of gold.

......#############.....#.#######
......#...#...#...#.....#........
......#...'Z..'...#.....#........
+####.#...#...#.Z.#...(.#........
......##'#######$##.....#........
.###..#...#...#...#.....#.#######
......#...'..)#Z..#.....'.#######
......#...#...#DZ.#.....#........
......##########@##.....#........
......#...#...#...#.....#........
......'...'...'...#.######.......
......#...#...#...#......#.......
......#############......#.......
.........................#.......
.................#.......#.......
.................#########.......
.............#...................


You could see a bone dragon (invisible), a wolf spider zombie and 2 centaur
warrior skeletons.

Vanquished Creatures
  Erolcha (D:10)
  Fannar (D:10)
  4 two-headed ogres
  3 unseen horrors
  Pikel (D:6)
  A wolf spider zombie (D:12)
  An ugly thing (D:12)
  A manticore (D:12)
  4 centaur zombies
  A cyclops (D:10)
  Psyche (D:9)
  10 centaur skeletons (D:12)
  A redback zombie (D:12)
  A harpy zombie (D:12)
  A hornet (D:7)
  A meliai zombie (D:12)
  Sigmund (D:4)
  5 wraiths
  4 wyverns
  Eustachio (D:4)
  10 yaks
  A basilisk (D:8)
  5 water moccasins
  A swamp drake (D:10)
  2 black bears
  2 ice beasts (D:5)
  3 orc warriors
  An eye of draining (D:9)
  2 necrophages
  6 ogres
  A hornet zombie (D:12)
  4 phantoms
  3 centaurs
  24 big kobolds
  11 bullfrogs
  An elf zombie (D:9)
  5 scorpions
  A water moccasin skeleton (D:11)
  4 killer bees (D:7)
  A wight (D:9)
  6 howler monkeys
  An electric eel (D:7)
  2 bullfrog zombies
  8 hounds
  4 human zombies (D:9)
  3 jellies
  Crazy Yiuf (D:3)
  8 orc priests
  3 bullfrog skeletons
  2 human skeletons (D:9)
  2 iguanas (D:6)
  8 orc wizards
  7 worker ants
  Robin (D:4)
  A howler monkey zombie (D:11)
  A worker ant zombie (D:10)
  7 adders
  A shadow imp (D:8)
  A white imp (D:10)
  An ufetubus (D:10)
  2 oozes
  An adder skeleton (D:9)
  A worm (D:3)
  2 dart slugs
  5 leopard geckos
  43 orcs
  5 bats
  3 bat zombies (D:5)
  2 giant cockroaches
  15 goblins
  7 hobgoblins
  16 jackals
  4 quokkas
  3 ball pythons
  3 frilled lizards
  2 giant cockroach zombies
  10 kobolds
  A leopard gecko skeleton (D:5)
  A quokka skeleton (D:4)
  3 rats (D:1)
  2 rat zombies (D:5)
331 creatures vanquished.

Vanquished Creatures (others)
  An orc (D:10)
  A bush (D:8)
  3 fungi (D:8)
  14 plants
19 creatures vanquished.

Grand Total: 350 creatures vanquished

Notes
Turn   | Place    | Note
-------+----------+-------------------------------------------
     0 | D:1      | Arum the Formicid Fighter began the quest for the Orb.
     0 | D:1      | Reached XP level 1. HP: 18/18 MP: 1/1
     3 | D:1      | Noticed an electric eel
     3 | D:1      | Noticed an electric eel
   101 | D:1      | Reached XP level 2. HP: 23/24 MP: 2/2
   562 | D:1      | Reached XP level 3. HP: 28/29 MP: 3/3
  1453 | D:3      | Reached XP level 4. HP: 32/37 MP: 4/4
  1581 | D:3      | Found a broken altar of Ashenzari.
  1602 | D:3      | Reached skill level 4 in Fighting
  1623 | D:3      | Reached XP level 5. HP: 40/42 MP: 5/5
  2383 | D:3      | Found a runed translucent door.
  2384 | D:3      | Noticed Crazy Yiuf
  2395 | D:3      | Killed Crazy Yiuf
  2691 | D:4      | Reached XP level 6. HP: 49/49 MP: 6/6
  2726 | D:4      | Found a shadowy altar of Dithmenos.
  2765 | D:4      | Reached skill level 5 in Shields
  3037 | D:4      | Noticed Robin
  3072 | D:4      | Killed Robin
  3073 | D:4      | Noticed Sigmund
  3084 | D:4      | Killed Sigmund
  3085 | D:4      | Reached skill level 5 in Fighting
  3085 | D:4      | Reached skill level 5 in Armour
  3085 | D:4      | Reached XP level 7. HP: 13/56 MP: 7/7
  3334 | D:4      | Noticed Eustachio
  3354 | D:4      | Killed Eustachio
  3639 | D:5      | Entered Level 5 of the Dungeon
  3655 | D:5      | Reached XP level 8. HP: 61/64 MP: 8/8
  3659 | D:5      | Found an opulent altar of Gozag.
  3686 | D:5      | Found Gozag's Platinum Reserve.
  3690 | D:5      | Became a worshipper of Gozag Ym Sagoz the Greedy
  3807 | D:5      | Reached skill level 6 in Fighting
  3898 | D:5      | Found a bloodstained altar of Trog.
  3944 | D:5      | Reached skill level 5 in Staves
  4054 | D:5      | Found an ancient bone altar of Kikubaaqudgha.
  4072 | D:5      | Found a white marble altar of Elyvilon.
  4267 | D:5      | Found an ornate altar of the Wu Jian Council.
  4673 | D:6      | Reached skill level 7 in Fighting
  4677 | D:6      | Found a glowing golden altar of the Shining One.
  4679 | D:6      | Noticed an angel
  4684 | D:6      | Found a basalt altar of Yredelemnul.
  4689 | D:6      | Reached XP level 9. HP: 71/72 MP: 9/9
  4691 | D:6      | Noticed a profane servitor
  4842 | D:6      | Noticed Pikel
  4863 | D:6      | Killed Pikel
  5057 | D:6      | Reached skill level 8 in Fighting
  5638 | D:7      | Found a broken altar of Ashenzari.
  5642 | D:7      | Saw a vision of the Swamp and the Spider Nest.
  5642 | D:7      | Noticed a wolf spider
  5642 | D:7      | Noticed a wolf spider
  5642 | D:7      | Noticed a goliath frog
  5642 | D:7      | Noticed an alligator
  5642 | D:7      | Noticed a will-o-the-wisp
  5642 | D:7      | Noticed a wolf spider
  5785 | D:7      | Found a staircase to the Ecumenical Temple.
  6245 | D:7      | Noticed a hornet
  6251 | D:7      | Killed a hornet
  6252 | D:7      | Reached skill level 9 in Fighting
  6252 | D:7      | Reached XP level 10. HP: 74/83 MP: 10/10
  7070 | D:8      | Reached skill level 10 in Fighting
  7292 | D:8      | Found a staircase to the Lair.
  7926 | D:8      | Found a radiant altar of Vehumet.
  8123 | D:9      | Found a hide-covered altar of Uskayaw.
  8128 | D:9      | Found a shimmering altar of Xom.
  8138 | D:9      | Reached XP level 11. HP: 92/92 MP: 11/11
  8384 | D:9      | Noticed a two-headed ogre
  8394 | D:9      | Killed a two-headed ogre
  8579 | D:9      | Found a shadowy altar of Dithmenos.
  8859 | D:9      | Noticed Psyche
  8874 | D:9      | Killed Psyche
  8875 | D:9      | Reached skill level 11 in Fighting
  8950 | D:9      | Noticed a two-headed ogre
  8958 | D:9      | Killed a two-headed ogre
  8959 | D:9      | Reached skill level 10 in Staves
  9579 | D:9      | Found a basalt altar of Yredelemnul.
  9713 | D:9      | Bought a scroll of holy word for 135 gold pieces
  9713 | D:9      | Bought a scroll of remove curse for 54 gold pieces
  9713 | D:9      | Bought a scroll of brand weapon for 360 gold pieces
  9713 | D:9      | Bought a scroll of fear for 63 gold pieces
  9732 | D:10     | Entered Level 10 of the Dungeon
  9753 | D:10     | Noticed Fannar
  9790 | D:10     | Killed Fannar
 10174 | D:10     | Noticed Erolcha
 10191 | D:10     | Killed Erolcha
 10272 | D:10     | Noticed a cyclops
 10272 | D:10     | Noticed a two-headed ogre
 10288 | D:10     | Killed a two-headed ogre
 10294 | D:10     | Killed a cyclops
 10295 | D:10     | Reached XP level 12. HP: 72/102 MP: 12/12
 10398 | D:10     | Noticed an unseen horror
 10407 | D:10     | Killed an unseen horror
 10429 | D:10     | Found a staircase to the Orcish Mines.
 10483 | D:10     | Found a roughly hewn altar of Beogh.
 10656 | D:10     | Noticed a two-headed ogre
 10668 | D:10     | Killed a two-headed ogre
 10669 | D:10     | Reached skill level 12 in Fighting
 11333 | D:10     | Reached skill level 10 in Armour
 12003 | D:11     | Found a white marble altar of Elyvilon.
 12141 | D:11     | Noticed an unseen horror
 12160 | D:11     | Killed an unseen horror
 12327 | D:11     | Found a flickering gateway to a bazaar.
 12338 | Bazaar   | Entered a bazaar
 12378 | Bazaar   | Found Motyefed's Magic Scroll Shop.
 12512 | Bazaar   | Bought a scroll of enchant weapon for 67 gold pieces
 12512 | Bazaar   | Bought a scroll of identify for 18 gold pieces
 13468 | D:12     | Noticed an unseen horror
 13474 | D:12     | Killed an unseen horror
 13475 | D:12     | Reached skill level 13 in Fighting
 13649 | D:12     | Reached XP level 13. HP: 96/111 MP: 13/13
 14222 | D:12     | Noticed a bone dragon
 14223 | D:12     | Found the +9 sword of Zonguldrok {reap}
 14266 | D:12     | Slain by a bone dragon

Illustrated notes

Levels and vault maps discovered:
D:1:      arrival_aquarium_b, layout_loops_cross, minmay_cut_off
D:2:      layout_basic
D:3:      layout_basic, old_standard_altar, chequers_mini_garden,
          uniq_crazy_yiuf_cottage
D:4:      layout_loops_cross, minivault_24, nicolae_dithmenos_the_darkroom,
          uniq_sigmund, uniq_eustachio, uniq_robin
D:5:      layout_basic, nicolae_gozag_zags_fifth_avenue,
          lemuel_zombie_altar_kikubaaqudgha, lemuel_crystal_altar,
          pdpol_wu_jian_five_deadly_venoms, lemuel_crystal_altar
D:6:      layout_loops_ring, grunt_temple_overflow_holy_war, uniq_pikel
D:7:      layout_rooms, minmay_temple_entry_drinking_statues,
          nicolae_water_bricks, grunt_ashenzari_visionary
          [grunt_ashenzari_visionary_swamp, grunt_ashenzari_visionary_spider]
D:8:      layout_rooms, minmay_lair_entry_grove, grunt_ministairs_11,
          vehumet_altar_wand_db
D:9:      layout_loops_ring, lemuel_round_altar, grunt_temple_overflow_open,
          lemuel_mausoleum_altar_yredelemnul, uniq_psyche
D:10:     layout_roguey, minmay_orc_entry_temple_small, serial_co_window_serial,
          co_window_paths_a, co_window_corner_a, co_window_corner_a,
          co_window_corner_a, co_window_corner_a, co_window_unsneaky_path_b,
          co_window_paths_c, co_window_of_opportunity_c, co_window_corner_b,
          co_window_paths_c, co_window_corner_ca, co_window_corner_b,
          glass_columns_a, glass_columns_c, glass_columns_a, glass_columns_a,
          glass_columns_a, special_room [special_room_kobold], uniq_erolcha,
          uniq_fannar
D:11:     layout_rooms, serial_shops, bzr_entry_road, elyvilon_altar_5
D:12:     layout_stronghold, minmay_guarded_unrand_zonguldrok

Skill      XL: |  1  2  3  4  5  6  7  8  9 10 11 12 13 |
---------------+----------------------------------------+-----
Shields        | 4 5 6 7 9 |  9.0
Fighting       | 4 5 7 9 10 11 13 | 13.5
Armour         | 4 5 7 9 11 | 11.8
Staves         | 3 4 5 7 9 10 11 12 | 12.4

Action                   |  1- 3 |  4- 6 |  7- 9 | 10-12 | 13-15 || total
-------------------------+-------+-------+-------+-------+-------++-------
Melee: Quarterstaff      |    73 |   110 |   237 |   727 |   105 ||  1252
Invok: Call Merchant     |       |       |       |     1 |       ||     1
       Potion Petition   |       |       |       |       |     2 ||     2
 Abil: Dig               |       |     7 |     1 |     7 |       ||    15
Evoke: Wand              |       |       |       |    11 |     1 ||    12
  Use: Potion            |       |     1 |       |     2 |     2 ||     5
       Scroll            |       |       |       |    18 |       ||    18
 Stab: Confused          |       |       |     3 |     1 |       ||     4
       Petrified         |       |       |     2 |       |       ||     2
       Distracted        |       |       |     1 |     3 |       ||     4
       Paralysed         |       |       |       |     8 |     5 ||    13
Armor: Scale mail        |    32 |    47 |    72 |   110 |    27 ||   288
Dodge: Dodged            |    20 |    26 |    87 |   147 |    42 ||   322
       Repelled          |       |       |       |     1 |       ||     1
Block: Kite shield       |    28 |    63 |   124 |   300 |    57 ||   572
